 Dungeon Crawl Stone Soup version 0.29.1-13-g9f3cf754e1 (webtiles) character file.

Game seed: 7506343294383031279

2049 Thatpatchoflichen the Cleaver (level 9, -1/81 HPs)
             Began as a Hill Orc Fighter on Jan 28, 2023.
             Slain by Maggie
             ... wielding a +2 halberd of flaming
              (2 damage)
             ... on level 6 of the Dungeon.
             The game lasted 00:19:56 (8539 turns).

Thatpatchoflichen the Cleaver (Hill Orc Fighter)    Turns: 8539, Time: 00:19:57

Health: -1/81      AC: 10    Str: 23    XL:     9   Next: 25%
Magic:  9/9        EV:  9    Int:  8    God:
Gold:   324        SH:  6    Dex: 16    Spells: 8/8 levels left

rFire   . . .      SeeInvis .   a - +0 war axe
rCold   . . .      Faith    .   c - +0 buckler
rNeg    + . .      Spirit   .   b - +0 scale mail
rPois   .          Reflect  .   (no helmet)
rElec   .          Harm     .   (no cloak)
rCorr   .          Rampage  .   e - +0 pair of gloves
Will    .....                   I - +0 pair of boots
Stlth   ..........              (no amulet)
HPRegen 0.23/turn               f - ring of positive energy
MPRegen 0.11/turn               o - +6 ring of dexterity

@: mesmerised
A: no striking features
a: no special abilities


You were on level 6 of the Dungeon.
You visited 1 branch of the dungeon, and saw 6 of its levels.
You also visited: Sewer.

You collected 324 gold pieces.

Inventory:

Hand Weapons
 a - a +0 war axe (weapon)
Missiles
 q - 2 throwing nets (quivered)
 u - 9 poisoned darts
 H - 5 javelins
Armour
 b - a +0 scale mail (worn)
 c - a +0 buckler (worn)
 e - a +0 pair of gloves (worn)
 I - a +0 pair of boots (worn)
Jewellery
 f - a ring of positive energy (left hand)
 o - a +6 ring of dexterity (right hand)
 x - a ring of positive energy
 A - an amulet of regeneration
Wands
 p - a wand of flame (18)
 w - a wand of charming (9)
 z - a wand of roots (11)
Scrolls
 g - a scroll of brand weapon {unknown}
 h - 6 scrolls of identify {unknown}
 l - 7 scrolls of teleportation
 r - 2 scrolls of magic mapping {unknown}
 s - a scroll of torment {unknown}
 t - 2 scrolls of blinking {unknown}
 y - 2 scrolls of acquirement {unknown}
 B - a scroll of vulnerability {unknown}
 C - 2 scrolls of noise
 D - a scroll of butterflies {unknown}
 J - a scroll of summoning {unknown}
Potions
 d - a potion of might
 j - a potion of curing
 k - a potion of cancellation {unknown}
 m - 2 potions of attraction {unknown}
 n - a potion of brilliance {unknown}
 v - a potion of berserk rage {unknown}
 E - 3 potions of flight
 F - a potion of ambrosia {unknown}
 G - 2 potions of mutation {unknown}


   Skills:
 + Level 8.0 Fighting
 + Level 8.2 Axes
 + Level 7.2 Armour
 + Level 7.3 Shields


You had 8 spell levels left.
You didn't know any spells.
Your spell library was empty.

Dungeon Overview and Level Annotations

Branches:
Dungeon (6/15)              Sewer (visited)
 Temple: D:4-7

Altars:
Qazlal
Vehumet

Shops:
D:4 =

Annotations:
D:4 exclusion: statue
D:6 Maggie, Sigmund


Message History

Maggie is moderately wounded.
Maggie casts a spell at you. The bolt of fire hits you.
* * * LOW HITPOINT WARNING * * *
You barely miss Maggie.
Maggie is moderately wounded.
Maggie hits you with a +2 halberd of flaming.
* * * LOW HITPOINT WARNING * * *
Maggie burns you.
* * * LOW HITPOINT WARNING * * *
Maggie gestures wildly while chanting.
Maggie draws you further into her thrall.
You slash Maggie!
Maggie is heavily wounded.
Maggie casts a spell.
Maggie draws you further into her thrall.
You barely miss Maggie.
Maggie is heavily wounded.
You block Maggie's attack.
You slash Maggie!
Maggie is severely wounded.
Maggie gestures wildly while chanting.
Maggie draws you further into her thrall.
You hit Maggie but do no damage.
Maggie is severely wounded.
Maggie points at you and mumbles some strange words.
The bolt of fire hits you!
* * * LOW HITPOINT WARNING * * *
You closely miss Maggie.
Maggie is severely wounded.
Maggie hits you with a +2 halberd of flaming.
* * * LOW HITPOINT WARNING * * *
Maggie burns you.
* * * LOW HITPOINT WARNING * * *
You hit Maggie but do no damage.
Maggie is severely wounded.
Maggie hits you with a +2 halberd of flaming!
* * * LOW HITPOINT WARNING * * *
Maggie burns you.
You die...

#.......#
###......#
#.'..#
#.'..#######
#.#......#⌠#
#.#......)##
#.#........#
#.##.......#
#.###....)@#
#..###....@#
##.####......
#...###......
###.##########
#.........
########..


You could see Maggie (mesmerising).

Vanquished Creatures
  The ghost of sigtrap the Sneak, an amateur SpBr (D:3)
  The ghost of SirLogeyBear the Chopper, an amateur HOBe of Trog (D:4)
  A water moccasin (D:6)
  A black bear (D:5)
  An ice beast (D:5)
  2 centaurs (D:5)
  5 ogres
  A phantom (D:3)
  Blork the orc (D:4)
  A necrophage (D:5)
  2 scorpions
  A jelly (D:4)
  4 hounds
  2 orc wizards (D:5)
  Natasha (thrice) (D:4)
  2 iguanas
  11 adders
  6 river rats (Sewer)
  A white imp (D:5)
  2 dart slugs
  7 orcs
  13 bats
  3 endoplasms
  11 giant cockroaches
  3 goblins
  4 hobgoblins
  3 jackals (Sewer)
  5 kobolds
  3 quokkas
  15 ball pythons
  A frilled lizard (Sewer)
  8 rats
125 creatures vanquished.

Notes
Turn   | Place    | Note
-------+----------+-------------------------------------------
     0 | D:1      | Thatpatchoflichen the Hill Orc Fighter began the quest for
                  | the Orb.
     0 | D:1      | Reached XP level 1. HP: 19/19 MP: 1/1
   204 | D:1      | Reached XP level 2. HP: 27/27 MP: 2/2
   455 | D:1      | Found a faded altar of an unknown god.
  1067 | D:2      | Reached XP level 3. HP: 7/33 MP: 3/3
  1669 | D:2      | Found a stormy altar of Qazlal.
  2458 | D:3      | Found a runed translucent door.
  2458 | D:3      | Noticed sigtrap's ghost (amateur SpBr)
  2486 | D:3      | Reached XP level 4. HP: 37/40 MP: 4/4
  2646 | D:3      | Noticed a phantom
  2651 | D:3      | Killed a phantom
  2652 | D:3      | Reached XP level 5. HP: 37/47 MP: 5/5
  3353 | D:4      | Noticed Blork the orc
  3353 | D:4      | Noticed Natasha
  3363 | D:4      | HP: 2/47 [Blork the orc/+0 flail (6)]
  3367 | D:4      | Killed Blork the orc
  3368 | D:4      | Reached skill level 5 in Fighting
  3368 | D:4      | Reached XP level 6. HP: 10/56 MP: 6/6
  3369 | D:4      | Killed Natasha
  3846 | D:4      | Found a runed translucent door.
  3847 | D:4      | Noticed SirLogeyBear's ghost (amateur HOBe)
  3943 | D:4      | Noticed Natasha
  3949 | D:4      | Killed Natasha
  3993 | D:4      | Found a radiant altar of Vehumet.
  3999 | D:5      | Entered Level 5 of the Dungeon
  4049 | D:5      | Reached skill level 5 in Axes
  4049 | D:5      | Reached skill level 5 in Shields
  4139 | D:5      | Noticed an ice beast
  4239 | D:5      | Reached skill level 5 in Armour
  4239 | D:5      | Reached XP level 7. HP: 25/62 MP: 7/7
  4303 | D:5      | Found a glowing drain.
  4317 | Sewer    | Entered a sewer
  5689 | D:4      | Found Tuixtalu's Jewellery Shop.
  5719 | D:4      | Noticed Natasha
  5727 | D:4      | Killed Natasha
  5785 | D:4      | Reached XP level 8. HP: 45/71 MP: 8/8
  6274 | D:3      | Killed sigtrap's ghost
  6352 | D:4      | Killed SirLogeyBear's ghost
  7281 | D:6      | Noticed Sigmund
  7642 | D:5      | Reached XP level 9. HP: 17/79 MP: 9/9
  8518 | D:6      | Noticed Maggie
  8539 | D:6      | HP: 1/81 [Maggie/+2 halberd of flaming (7)]
  8539 | D:6      | Slain by Maggie

Illustrated notes

Levels and vault maps discovered:
D:1:      matt_arrival_diagonals, layout_basic, dreamdust_ecumenical_altar_grove
D:2:      layout_basic, serial_curves, eino_curves_02, eino_curves_01,
          basic_altar
D:3:      layout_basic, hellmonk_ghost_happy_afterlife,
          chequers_serial_rivers_micro_e, bh_walls_and_bars
D:4:      layout_cave_pods, vehumet_statue, gammafunk_ghost_grave, serial_shops,
          nicolae_lakefront_shop, uniq_blork_the_orc, uniq_natasha
D:5:      layout_loops_ring, cheibrodos_sewer_entry_sluice
D:6:      layout_cave_pools, good_gods_temple_1, serial_column_ruins,
          column_ruins_corridor_corner, column_ruins_grid_1,
          column_ruins_corridor_water, column_ruins_corridor_dead_end,
          kennysheep_cross_room, hangedman_abyss_or_decor_jellyfish_corner,
          grunt_ministairs_4, uniq_sigmund, uniq_maggie

Skill      XL: |  1  2  3  4  5  6  7  8  9 |
---------------+----------------------------+-----
Axes           | 3 4 5 6 7 8 |  8.2
Fighting       | 4 5 6 7 8 |  8.0
Armour         | 4 5 6 7 |  7.2
Shields        | 4 5 6 7 |  7.3

Action                   |  1- 3 |  4- 6 |  7- 9 || total
-------------------------+-------+-------+-------++-------
Melee: War axe           |    97 |    85 |   268 ||   450
  Use: Potion            |       |     2 |     3 ||     5
       Scroll            |       |       |     2 ||     2
Armor: Scale mail        |    54 |    45 |   167 ||   266
Dodge: Dodged            |    38 |    47 |   151 ||   236
Block: Buckler           |    32 |    33 |   124 ||   189
